AoeStats
← MatzeAoE

Hill Fort

505522741Analyzed
2v2 RM · 22d ago on Sep 9, 2026· 91m 42s· 4 players
Game mode
Random Map
Map size
Medium (4 player)
Population
200
Speed
Normal
Resources
Standard
Victory
Conquest
Starting age
Dark Age
Ending age
Imperial Age
RankedLock teamsTeams togetherTeam positionsShared explorationLock speedFull tech treeHidden civsTurbo modeCheats
Victory
Defeat
🇩🇪 Armenians · Germany
1525
+15
🇩🇪 Burgundians · Germany
1395
+21
🇧🇷 Huns · Brazil
1532
-19
🇧🇷 Khmer · Brazil
1471
-17
Red_Iffun
3:59 Double-Bit Axe
6:30 Horse Collar
12:51 Feudal Age
13:44 Bow Saw
13:37 Heavy Plow
18:27 Castle Age
16:38 Gold Mining
18:31 Gold Shaft Mining
17:56 Loom
19:05 Scale Barding Armor
18:41 Cavalier
20:37 Chain Barding Armor
24:05 Forging
27:16 Iron Casting
26:44 Husbandry
31:56 Wheelbarrow
31:10 Town Watch
31:54 Devotion
33:36 Hand Cart
37:10 Two-Man Saw
36:44 Stone Mining
38:10 Crop Rotation
42:19 Imperial Age
40:38 Burgundian Vineyards
42:19 Light Cavalry
42:28 Paladin
43:46 Plate Barding Armor
44:14 Blast Furnace
45:15 Conscription
46:34 Hoardings
45:54 Hussar
46:27 Fletching
47:40 Bodkin Arrow
57:42 Chemistry
57:04 Ballistics
56:40 Elite Skirmisher
63:51 Padded Archer Armor
63:51 Bracer
82:31 Leather Archer Armor
84:55 Masonry
90:35 Capped Ram
MatzeAoE
8:31 Feudal Age
8:32 Man-at-Arms
9:34 Long Swordsman
10:47 Arson
14:54 Horse Collar
15:00 Double-Bit Axe
17:43 Wheelbarrow
20:51 Castle Age
19:37 Scale Mail Armor
20:57 Loom
20:57 Two-Handed Swordsman
21:44 Squires
21:54 Gambesons
27:47 Chain Mail Armor
49:19 Gold Mining
49:39 Bow Saw
49:31 Heavy Plow
49:42 Town Watch
52:46 Hand Cart
60:27 Pikeman
65:00 Town Patrol
73:32 Imperial Age
72:52 Caravan
80:55 Coinage
84:16 Banking
83:57 Guilds
84:54 Capped Ram
86:20 Siege Ram
86:25 Halberdier
87:09 Siege Ram
88:42 Heavy Scorpion
rick rush
9:33 Feudal Age
13:40 Castle Age
17:44 Double-Bit Axe
20:14 Forging
20:54 Scale Barding Armor
23:19 Loom
33:03 Gold Mining
45:55 Bloodlines
46:21 Iron Casting
48:01 Husbandry
50:29 Chain Barding Armor
51:29 Fletching
64:53 Imperial Age
62:12 Light Cavalry
66:44 Imperial Age
68:41 Hussar
74:37 Plate Barding Armor
77:30 Blast Furnace
87:04 Wheelbarrow
digitallimao
10:09 Feudal Age
10:34 Feudal Age
14:41 Fletching
22:17 Castle Age
20:15 Horse Collar
20:22 Double-Bit Axe
20:30 Gold Mining
22:20 Crossbowman
22:55 Bodkin Arrow
23:12 Bow Saw
23:50 Husbandry
25:17 Heavy Plow
26:38 Loom
27:33 Ballistics
28:47 Bloodlines
30:38 Town Watch
31:44 Wheelbarrow
31:48 Padded Archer Armor
33:11 Leather Archer Armor
33:23 Stone Mining
35:44 Thumb Ring
45:11 Imperial Age
44:30 Scale Barding Armor
45:26 Hand Cart
45:23 Forging
45:58 Chain Barding Armor
46:06 Bracer
47:10 Chemistry
46:39 Parthian Tactics
46:27 Pikeman
48:27 Scale Mail Armor
49:47 Hand Cart
48:57 Heavy Cavalry Archer
50:06 Light Cavalry
51:09 Chain Barding Armor
52:23 Squires
53:17 Forging
53:55 Conscription
56:33 Halberdier
58:04 Chain Mail Armor
58:25 Iron Casting
58:39 Arson
62:48 Plate Barding Armor
62:36 Elite Skirmisher
65:45 Blast Furnace
66:31 Coinage
66:48 Capped Ram
70:09 Siege Ram
Connection lost

Rejoining the realm…

Still unreachable

The connection could not be restored.

Session expired

The server has moved on; the page needs a fresh start.